 Dungeon Crawl Stone Soup version 0.17.1-1-g73c8601 (webtiles) character file.

64 Mysteryquy the Insei (level 4, 0/28 HPs)
             Began as an Octopode Transmuter on Jan 6, 2016.
             Slain by a wight
             ... wielding a +1 morningstar of freezing
              (1 damage)
             ... on level 3 of the Dungeon.
             The game lasted 00:03:10 (1953 turns).

Mysteryquy the Insei (Octopode Transmuter)          Turns: 1953, Time: 00:03:12

Health: 0/28       AC:  1    Str:  9    XL:     4   Next: 12%
Magic:  7/8        EV: 12    Int: 15    God:
Gold:   82         SH:  0    Dex: 13    Spells: 1 memorised, 8 levels left

rFire  . . .     SeeInvis .       - Unarmed
rCold  . . .     Clarity  .     (no shield)
rNeg   . . .     SustAt   .     (helmet restricted)
rPois  .         Gourm    .     (no amulet)
rElec  .         Spirit   .     (no ring)
rCorr  .         Warding  .     (no ring)
rMut   .         Stasis   .     (no ring)
MR     .....                    (no ring)
Stlth  ++........               (no ring)
                                (no ring)
                                (no ring)
                                (no ring)

@: appendage, not resistant to hostile enchantments, unstealthy
A: almost no armour, amphibious, 8 rings, constrict 8, tentacle spike 3,
camouflage 1, gelatinous body 1
a: End Transformation


You were on level 3 of the Dungeon.
You were very hungry.
One of your tentacles had a temporary spike.
You visited 1 branch of the dungeon, and saw 3 of its levels.

You collected 82 gold pieces.

Inventory:

Missiles
 a - 12 arrows
Scrolls
 e - 5 scrolls of identify {unknown}
 g - a scroll of magic mapping {unknown}
 j - a scroll of fog {unknown}
 k - a scroll of fear {unknown}
 l - a scroll of recharging {unknown}
Potions
 d - 2 potions of might {unknown}
 f - 2 potions of degeneration {unknown}
 h - a potion of poison {unknown}
 i - a potion of heal wounds {unknown}
Books
 b - a book of Changes

   Spells                             Type                      Level
   a - Beastly Appendage              Transmutation                1
   b - Sticks to Snakes               Transmutation                2
   c - Spider Form                    Transmutation/Poison         3
   d - Ice Form                       Ice/Transmutation            4
   e - Blade Hands                    Transmutation                5
Comestibles
 c - 2 bread rations


   Skills:
 - Level 1.0 Fighting
 - Level 2.0 Dodging
 + Level 3.6 Unarmed Combat
 + Level 3.0 Spellcasting
 + Level 2.6 Transmutations


You had 8 spell levels left.
You knew the following spells:

 Your Spells              Type           Power        Failure   Level  Hunger
a - Beastly Appendage     Trmt           ##....       10%         1    #......


Dungeon Overview and Level Annotations

Branches:
Dungeon (3/15)

Altars:
Ashenzari
Nemelex Xobeh
Ru
Xom


Innate Abilities, Weirdness & Mutations

You cannot wear most types of armour.
You are amphibious.
You can wear up to eight rings at the same time.
You can use your tentacles to constrict eight enemies at once.
Your skin changes colour to match your surroundings (Stealth).
Your rubbery body absorbs attacks (AC +1).
One of your tentacles bears a large vicious spike.


Message History

Aim: a wight, wielding a morningstar of freezing and wearing a robe
Okay, then.
You tentacle-slap the wight but do no damage.
You grab the wight.
You tentacle-slap the wight, but do no damage.
You constrict the wight, but do no damage.
The wight misses you.
You tentacle-slap the wight.
You pierce the wight, but do no damage.
The wight is lightly damaged.
You constrict the wight.
The wight hits you with a morningstar of freezing!
The wight freezes you.
You tentacle-slap the wight but do no damage.
Your tentacle spike misses the wight.
The wight is moderately damaged.
You constrict the wight.
The wight hits you with a morningstar of freezing!
* * * LOW HITPOINT WARNING * * *
The wight freezes you.
You die...

#.# #.# #.# #.# ######### #.#
#.......# #.# #.......#
########### #.# #.......#
#.........#
#.######.......#######.........##
#...............@z...............
#..###################.........##
#..# #.........# #..# ###########
#..# .... ##.. #>.. ##..


You could see a wight.

Vanquished Creatures
  An adder (D:2)
  An ooze (D:1)
  2 worms (D:2)
  A giant gecko (D:1)
  4 giant cockroaches
  8 goblins
  5 hobgoblins
  7 jackals (D:2)
  3 ball pythons
  2 bats
  6 giant newts
  A kobold (D:1)
  2 rats
43 creatures vanquished.

Notes
Turn   | Place    | Note
--------------------------------------------------------------
     0 | D:1      | Mysteryquy the Octopode Transmuter began the quest for the Orb.
     0 | D:1      | Reached XP level 1. HP: 13/13 MP: 3/3
   198 | D:1      | Reached XP level 2. HP: 18/18 MP: 5/5
   621 | D:2      | Reached XP level 3. HP: 21/23 MP: 7/7
   641 | D:2      | Found a shimmering altar of Xom.
  1109 | D:2      | Found a sacrificial altar of Ru.
  1376 | D:2      | Reached XP level 4. HP: 19/28 MP: 6/8
  1609 | D:2      | Found a sparkling altar of Nemelex Xobeh.
  1838 | D:2      | Found a shattered altar of Ashenzari.
  1953 | D:3      | HP: 1/28 [wight/morningstar of freezing (11)]
  1953 | D:3      | Slain by a wight

Action                   |  1- 3 |  4- 6 || total
-------------------------+-------+-------++-------
Melee: Unarmed           |   103 |    11 ||   114
 Cast: Beastly Appendage |     1 |     2 ||     3
 Stab: Sleeping          |     6 |       ||     6
  Eat: Chunk             |     1 |     1 ||     2
